 Dungeon Crawl Stone Soup version 0.30-a0-371-gad7725a93e (webtiles) character file.

Game seed: 11265710782920934323

44 sanka the Conjurer (level 3, -6/27 (29) HPs)
             Began as a Demigod Reaver on Nov 22, 2022.
             Killed by divine providence
             ... invoked by an orc priest
              (15 damage)
             ... on level 3 of the Dungeon.
             The game lasted 00:02:30 (2146 turns).

sanka the Conjurer (Demigod Reaver)                 Turns: 2146, Time: 00:02:30

HP:   -6/27 (29)    AC:  2    Str: 13    XL:     3   Next: 23%
MP:   6/8           EV: 12    Int: 25    God:
Gold: 168           SH:  0    Dex: 12    Spells: 3/6 levels left

rFire   . . .      SeeInvis .    o - +0 hand axe (elec)
rCold   . . .      Faith    .    (no shield)
rNeg    . . .      Spirit   .    p - +0 robe
rPois   .          Reflect  .    (no helmet)
rElec   .          Harm     .    (no cloak)
rCorr   .          Rampage  .    (no gloves)
Will    .....                    (no boots)
Stlth   +.........               (no amulet)
HPRegen 0.24/turn                (no ring)
MPRegen 0.11/turn                l - +6 ring of intelligence

@: immotile, drained
A: high MP 1, forlorn, divine attributes
a: no special abilities


You were on level 3 of the Dungeon.
You visited 1 branch of the dungeon, and saw 3 of its levels.

You collected 168 gold pieces.


Innate Abilities, Weirdness & Mutations

You have an increased reservoir of magic. (+10% MP)
You shall have no god before yourself.
Your divine heritage dramatically boosts your attributes as you level up.


   Skills:
 - Level 1.7 Fighting
 - Level 2.6 Maces & Flails
 - Level 1.7 Dodging
 - Level 2.0 Spellcasting
 + Level 4.0 Conjurations


You had 3 spell levels left.
You knew the following spells:

 Your Spells              Type           Power      Damage    Failure   Level
u - Momentum Strike       Conj/Tloc      24%        3d8       8%          2
y - Kiss of Death         Conj/Necr      48%        2d9       4%          1

Your spell library contained the following spells:

 Spells                   Type           Power      Damage    Failure   Level
 Hailstorm                Conj/Ice       12%        3d5       14%         3
 Frozen Ramparts          Ice            4%         1d1       32%         3
 Ice Form                 Ice/Tmut       2%         N/A       73%         4
 Summon Ice Beast         Ice/Summ       2%         N/A       73%         4

Inventory:

Hand Weapons
 a - a +0 mace
 o - a +0 hand axe of electrocution (weapon)
Armour
 p - a +0 robe (worn)
Jewellery
 l - a +6 ring of intelligence (right hand)
Scrolls
 b - a scroll of teleportation {unknown}
 e - 2 scrolls of noise {unknown}
 f - a scroll of vulnerability {unknown}
 i - a scroll of enchant armour {unknown}
 j - 4 scrolls of identify {unknown}
 k - a scroll of acquirement {unknown}
Potions
 c - 2 potions of brilliance {unknown}
 d - a potion of flight {unknown}
 g - a potion of curing {unknown}
 h - a potion of resistance {unknown}
 m - a potion of might {unknown}
 n - a potion of mutation {unknown}

Dungeon Overview and Level Annotations

Branches:
Dungeon (3/15)

▒▒▒
▒▒▒▒▒▒▒▒▒▒▒▒▒▒.▒
▒.o..)p........▒
...▒.▒▒▒▒▒▒▒▒▒▒.▒
...▒▒▒▒.▒
......▒.▒
▒......▒ ▒.▒..▒.▒
▒ ▒..▒.▒▒.▒
▒..▒....▒
...▒.▒▒▒▒


You could see an orc priest.


Message History

You hit the orc.
You kill the orc!
The orc closely misses you.
Your Conjurations skill increases to level 4!
The orc hits you with a +0 trident!
* * * LOW HITPOINT WARNING * * *
Things that are here:
a +0 hand axe; an orc corpse You hit the orc.
The orc is lightly wounded.
The orc hits you with a +0 trident.
* * * LOW HITPOINT WARNING * * *
The orc barely misses you.
You closely miss the orc.
The orc is lightly wounded.
The orc closely misses you.
You closely miss the orc.
The orc is lightly wounded.
The orc closely misses you.
The concentrated momentum hits the orc.
The orc dies!
You are unable to move.
An orc priest comes into view. It is wielding a +0 flail.
Unknown command.
You cannot move.
The orc priest looks braver for a moment.
The orc priest mumbles some strange prayers to Beogh against you.
Beogh smites you!
Ouch! That really hurt!
You die...

Action                   || total
-------------------------++-------
Melee: Mace              ||    68
       Punch             ||     2
       Hand axe          ||    18
 Cast: Momentum Strike   ||     2
       Kiss of Death     ||     1
 Stab: Sleeping          ||     1
Armor: Leather armour    ||    11
Dodge: Dodged            ||    65

Levels and vault maps discovered:
D:1:      roderic_crossed_star, layout_basic, minmay_statues_item
D:2:      layout_loops_ring
D:3:      layout_basic, mainiacjoe_overflow_brackets,
          minmay_overflow_temple_hex, ebering_ecumenical_altar_petrified,
          grunt_ministairs_12, st_stairs_4, uniq_sigmund

Notes
Turn   | Place    | Note
-------+----------+-------------------------------------------
     0 | D:1      | sanka the Demigod Reaver began the quest for the Orb.
     0 | D:1      | Reached XP level 1. HP: 17/17 MP: 5/5
   504 | D:1      | Reached skill level 2 in Spellcasting
   639 | D:1      | Reached skill level 3 in Conjurations
   680 | D:1      | Reached XP level 2. HP: 20/24 MP: 7/7
   830 | D:2      | Learned a level 2 spell: Momentum Strike
  1772 | D:3      | Reached XP level 3. HP: 25/26 MP: 8/8
  2137 | D:3      | Reached skill level 4 in Conjurations
  2146 | D:3      | Killed from afar by an orc priest

Vanquished Creatures
  An adder (D:2)
  5 orcs
  2 endoplasms
  4 goblins
  2 hobgoblins
  3 jackals (D:1)
  2 quokkas
  A ball python (D:2)
  3 bats
  A kobold (D:2)
  3 rats (D:1)
27 creatures vanquished.

Vanquished Creatures (others)
  An adder (D:2)
  An orc (D:3)
  3 withered plants (D:3)
5 creatures vanquished.

Grand Total: 32 creatures vanquished
